 Dungeon Crawl Stone Soup version 0.23-a0-82-gdf0b57c211 (webtiles) character file.

3906 Oravi the Destroyer (level 10, -2/60 HPs)
             Began as a Tengu Air Elementalist on Aug 13, 2018.
             Was an Initiate of Vehumet.
             Slain by a two-headed ogre
             ... wielding a +0 giant spiked club
              (23 damage)
             ... on level 8 of the Dungeon.
             The game lasted 00:49:05 (12398 turns).

Oravi the Destroyer (Tengu Air Elementalist)       Turns: 12398, Time: 00:49:06

Health: -2/60      AC:  7    Str:  8    XL:     10   Next: 20%
Magic:  17/20      EV: 19    Int: 18    God:    Vehumet [......]
Gold:   402        SH:  0    Dex: 16    Spells: 15/21 levels left

rFire    . . .     SeeInvis .   G - +1 dagger (venom)
rCold    . . .     Gourm    .   (no shield)
rNeg     + . .     Faith    .   k - +1 ring mail
rPois    .         Spirit   .   (helmet restricted)
rElec    .         Reflect  .   (no cloak)
rCorr    .         Harm     .   (no gloves)
MR       .....                  (boots unavailable)
Stlth    +.........             (no amulet)
HPRegen  0.20/turn              g - ring of positive energy
MPRegen  0.17/turn              r - +2 ring of evasion

@: flying quickly and evasively, drained, quick
A: beak, talons 3, able to fly 1
a: Renounce Religion


You were on level 8 of the Dungeon.
You worshipped Vehumet.
Vehumet was noncommittal.
You were not hungry.

You visited 2 branches of the dungeon, and saw 9 of its levels.
You also visited: Ossuary.

You collected 402 gold pieces.

Inventory:

Hand Weapons
 b - a +0 mace
 h - a +0 spear
 m - a +3 long sword of slicing
 q - a +0 war axe
 G - a +1 dagger of venom (weapon)
Missiles
 d - 132 stones (quivered)
 p - 5 tomahawks
 H - 3 steel tomahawks
Armour
 a - a +0 robe
 k - a +1 ring mail (worn)
Jewellery
 g - a ring of positive energy (left hand)
 r - a +2 ring of evasion (right hand)
 I - an uncursed ring of flight {unknown}
Wands
 f - a wand of digging (20)
 z - a wand of disintegration (13)
Scrolls
 i - 2 scrolls of blinking
 j - a scroll of enchant armour
 n - a scroll of enchant weapon
 o - 5 scrolls of teleportation
 v - a scroll of fog
 w - 2 scrolls of amnesia
 y - 2 scrolls of magic mapping {unknown}
 B - a scroll of remove curse
 F - a scroll of identify
 J - a scroll of acquirement {unknown}
Potions
 e - 6 potions of curing
 l - 2 potions of lignification
 s - 5 potions of agility
 t - a potion of berserk rage
 u - 4 potions of heal wounds {unknown}
 x - a potion of resistance
 A - 3 potions of flight {unknown}
 C - a potion of ambrosia {unknown}
 D - 2 potions of degeneration {unknown}
 E - a potion of magic {unknown}
Comestibles
 c - 10 rations


   Skills:
 + Level 6.0(5.9) Fighting
 + Level 6.6(6.5) Armour
 + Level 7.1(7.0) Dodging
 - Level 2.0(1.9) Stealth
 + Level 6.1(6.0) Spellcasting
 + Level 8.4(8.3) Conjurations
 - Level 6.0(5.9) Air Magic


You had 15 spell levels left.
You knew the following spells:

 Your Spells              Type           Power        Failure   Level  Hunger
a - Shock                 Conj/Air       ####         1%          1    None
b - Swiftness             Chrm/Air       ###.....     14%         2    None
c - Static Discharge      Conj/Air       ####....     4%          3    ##.....

Your spell library contained the following spells:

 Spells                   Type           Power        Failure   Level  Hunger
 Lightning Bolt           Conj/Air       ####......   43%         5    #####..
 Airstrike                Air            ####......   26%         4    ####...


Dungeon Overview and Level Annotations

Branches:
Dungeon (8/15)             Temple (1/1) D:4
   Lair: D:8-11

Altars:
Ashenzari
Elyvilon
Hepliaklqana
Kikubaaqudgha
Nemelex Xobeh
Ru
Sif Muna
Trog
Vehumet
Wu Jian
Xom
Zin

Annotations:
D:5 exclusion: upstairs


Innate Abilities, Weirdness & Mutations

You have a beak for a mouth.
You have claws for feet.
You can fly.


Message History

The two-headed ogre completely misses you.
You barely miss the two-headed ogre. You claw the two-headed ogre.
You peck the two-headed ogre.
The two-headed ogre is moderately wounded.
You hit the two-headed ogre.
You claw the two-headed ogre, but do no damage.
Your peck misses the two-headed ogre.
The two-headed ogre is heavily wounded.
The two-headed ogre barely misses you. The two-headed ogre closely misses you.
You hit the two-headed ogre but do no damage.
Your peck misses the two-headed ogre.
The two-headed ogre is heavily wounded.
The two-headed ogre closely misses you.
The two-headed ogre hits you with a giant club!!
You hit the two-headed ogre.
The two-headed ogre looks as sick as possible!
The two-headed ogre is heavily wounded.
The two-headed ogre hits you with a giant spiked club!
The two-headed ogre hits you with a giant club!!
You die...

.............##.....#
#.....#.##########.#
#.##..#.# #.##
#.#.......# ##...
#.......### #....
######)## #.##< #)#
#.#.. ####.#### #.#.#
#...@O..# #....
#.##)##.# ###.#
#.##.##.# #.#
#..).##.# ### #.#
##..####5####...####.#
#...........5...>....#
#........####...####..
#.#.#..###### .## #.#
#.#........... .# #..


You could see a two-headed ogre.

Vanquished Creatures
  A wraith (Ossuary)
  A hungry ghost (D:7)
  Edmund (D:5)
  Duvessa (D:6)
  An orc warrior (D:7)
  3 sky beasts
  2 ogres
  2 ice beasts (D:5)
  A phantom (D:6)
  A centaur (D:2)
  Blork the orc (D:5)
  2 bullfrogs
  Dowan (D:6)
  3 scorpions
  9 killer bees
  8 wights
  A howler monkey (D:6)
  3 crimson imps
  A centaur zombie (D:5)
  5 orc priests
  8 orc wizards
  2 hounds
  A centaur skeleton (D:4)
  Jessica (D:2)
  3 iguanas
  Natasha (thrice) (D:2)
  4 worker ants
  A big kobold zombie (Ossuary)
  3 mummies (Ossuary)
  2 worker ant zombies (D:5)
  A howler monkey skeleton (D:8)
  13 adders
  6 gnolls
  3 shadow imps
  An ooze (D:5)
  An adder zombie (D:7)
  2 adder skeletons
  6 worms
  4 dart slugs
  4 leopard geckos
  32 orcs
  4 bats
  5 giant cockroaches
  7 goblins
  13 hobgoblins
  6 jackals
  8 kobolds
  2 quokkas
  A ball python (D:2)
  A frilled lizard (D:4)
  A gnoll zombie (Ossuary)
  2 goblin zombies (Ossuary)
  6 hobgoblin zombies (Ossuary)
  A jackal skeleton (D:5)
  A kobold zombie (Ossuary)
  A leopard gecko skeleton (D:4)
  An orc zombie (Ossuary)
  A quokka zombie (D:4)
  7 rats
217 creatures vanquished.

Vanquished Creatures (others)
  An orc (D:8)
  2 hobgoblin zombies (Ossuary)
3 creatures vanquished.

Grand Total: 220 creatures vanquished

Notes
Turn   | Place    | Note
-------+----------+-------------------------------------------
     0 | D:1      | Oravi the Tengu Air Elementalist began the quest for the Orb.
     0 | D:1      | Reached XP level 1. HP: 10/10 MP: 4/4
   215 | D:1      | Reached skill level 2 in Conjurations
   215 | D:1      | Reached XP level 2. HP: 9/15 MP: 0/6
   779 | D:1      | Reached XP level 3. HP: 16/19 MP: 4/7
   783 | D:1      | Learned a level 2 spell: Swiftness
   787 | D:1      | Learned a level 3 spell: Static Discharge
  1647 | D:2      | Noticed Natasha
  1656 | D:2      | Killed Natasha
  1656 | D:2      | Reached skill level 3 in Conjurations
  1656 | D:2      | Reached XP level 4. HP: 16/24 MP: 0/9
  1873 | D:2      | Noticed Natasha
  1889 | D:2      | Killed Natasha
  1889 | D:2      | Reached skill level 1 in Armour
  1889 | D:2      | Reached skill level 5 in Air Magic
  2146 | D:2      | Reached skill level 1 in Fighting
  2146 | D:2      | Gained mutation: You can fly. [Tengu growth]
  2146 | D:2      | Reached XP level 5. HP: 29/29 MP: 10/10
  2209 | D:2      | Noticed Jessica
  2229 | D:2      | Killed Jessica
  2807 | D:3      | Noticed a centaur
  3041 | D:2      | Noticed Natasha
  3051 | D:2      | Killed Natasha
  3051 | D:2      | Reached XP level 6. HP: 16/34 MP: 3/11
  3973 | D:3      | Reached skill level 4 in Conjurations
  4031 | D:3      | Found a shattered altar of Ashenzari.
  4139 | D:3      | Found a glowing silver altar of Zin.
  4444 | D:4      | Found a sand-covered staircase.
  4448 | Ossuary  | Entered an ossuary
  4448 | Ossuary  | Noticed a wraith
  4448 | Ossuary  | Noticed a wraith
  4448 | Ossuary  | Noticed a wraith
  4558 | Ossuary  | Reached XP level 7. HP: 37/40 MP: 13/13
  4792 | Ossuary  | Noticed a wraith
  4800 | Ossuary  | Killed a wraith
  5283 | D:4      | Found a shimmering altar of Xom.
  5612 | D:4      | Found a staircase to the Ecumenical Temple.
  5619 | D:5      | Entered Level 5 of the Dungeon
  5911 | D:5      | Noticed Blork the orc
  5923 | D:5      | Killed Blork the orc
  5923 | D:5      | Reached skill level 5 in Conjurations
  5923 | D:5      | Reached XP level 8. HP: 34/46 MP: 6/14
  7095 | D:5      | Found a sacrificial altar of Ru.
  7369 | D:6      | Noticed Edmund
  7400 | D:5      | Killed Edmund
  7400 | D:5      | Reached skill level 5 in Dodging
  7400 | D:5      | Reached skill level 6 in Conjurations
  7751 | D:6      | Noticed Duvessa
  7751 | D:6      | Noticed Dowan
  7795 | D:6      | Reached XP level 9. HP: 31/52 MP: 13/17
  8102 | D:6      | Reached skill level 5 in Armour
  8102 | D:6      | Reached skill level 5 in Spellcasting
  8835 | D:6      | Killed Duvessa
  8835 | D:6      | Reached skill level 7 in Conjurations
  8844 | D:6      | Killed Dowan
  8952 | D:7      | Reached skill level 5 in Fighting
 10648 | D:7      | Reached skill level 8 in Conjurations
 10896 | D:7      | Found a hazy altar of Hepliaklqana.
 10897 | D:7      | Found an ornate altar of the Wu Jian Council.
 11012 | Temple   | Entered the Ecumenical Temple
 11097 | Temple   | Became a worshipper of Vehumet
 11470 | D:8      | Reached XP level 10. HP: 30/60 MP: 12/19
 12375 | D:8      | Noticed a two-headed ogre
 12398 | D:8      | Slain by a two-headed ogre

Vault maps used:
D:1:      eino_arrival_water_star, dk_noncrumbling_4, feat_on_display
D:2:      first_ration, palyth_stone_intersect, kennysheep_minor_cross,
          minmay_divided_ellipse, uniq_jessica, uniq_natasha
D:3:      lemuel_round_altar, nicolae_overflow_crystal_walls
D:4:      minmay_temple_entry_from_below_a, enter_ossuary_5,
          brannock_xom_greatest_gift
D:5:      nicolae_ru_path_of_blood, uniq_blork_the_orc
D:6:      uniq_edmund, uniq_duvessa
D:7:      gammafunk_temple_overflow_wave
D:8:      chequers_temple_overflow_statue_of_worship, slow_altar_2,
          grunt_pizzeria, uniq_joseph
Temple:   minmay_temple_curvy_branch
Ossuary:  ossuary_kennysheep_city_of_the_dead

Skill      XL: |  1  2  3  4  5  6  7  8  9 10 |
---------------+-------------------------------+-----
Conjurations   | 2 3 4 5 6 8 |  8.4
Armour         | 1 2 3 4 6 |  6.6
Air Magic      | 5 6 |  6.0
Fighting       | 1 2 3 4 5 6 |  6.0
Spellcasting   | 3 4 5 6 |  6.1
Dodging        | 3 4 5 6 7 |  7.1
Stealth        | |  2.0

Action                   |  1- 3 |  4- 6 |  7- 9 | 10-12 || total
-------------------------+-------+-------+-------+-------++-------
Melee: Spear             |    20 |       |       |       ||    20
       Kick              |     4 |    15 |    36 |     5 ||    60
       Long sword        |     2 |    68 |   106 |     3 ||   179
       Peck              |     1 |    11 |    16 |     2 ||    30
       Dagger            |       |       |       |    16 ||    16
Throw: Stone             |    13 |   122 |    68 |     1 ||   204
       Tomahawk          |       |     5 |       |       ||     5
 Cast: Shock             |    47 |    62 |   226 |    38 ||   373
       Static Discharge  |       |       |    15 |    10 ||    25
 Abil: Fly               |       |       |       |     1 ||     1
  Use: Scroll            |       |    10 |     5 |       ||    15
  Eat: Chunk             |     3 |     9 |    21 |     2 ||    35
       Ration            |       |       |     1 |       ||     1
Armor: Robe              |     5 |       |       |       ||     5
       Ring mail         |     6 |    18 |    63 |     8 ||    95
Dodge: Dodged            |    17 |    79 |   126 |    50 ||   272
       Rpst.: Long sword |     3 |    29 |    37 |     3 ||    72

Table legend:
 A = Non-vault XP
 B = Vault XP
 C = Vault XP percentage of total XP
 D = Non-vault monster count
 E = Vault monster count
 F = Vault count percentage of total count
 G = Total turns spent on level
                 A         B        C        D         E       F
            +---------+---------+-------+---------+---------+-------
      Total |    4683 |     898 |  16.1 |     184 |      34 |  15.6
            +---------+---------+-------+---------+---------+-------
        D:1 |      34 |       0 |   0.0 |      15 |       0 |   0.0
        D:2 |     247 |     122 |  33.1 |      24 |      14 |  36.8
        D:3 |     141 |       0 |   0.0 |      25 |       0 |   0.0
        D:4 |      62 |       0 |   0.0 |       7 |       0 |   0.0
        D:5 |    1014 |     260 |  20.4 |      27 |       2 |   6.9
        D:6 |     879 |     218 |  19.9 |      18 |       2 |  10.0
        D:7 |    1412 |       0 |   0.0 |      41 |       0 |   0.0
        D:8 |     894 |       0 |   0.0 |      27 |       0 |   0.0
    Ossuary |       0 |     298 | 100.0 |       0 |      16 | 100.0
            +---------+---------+-------+---------+---------+-------
